 Dungeon Crawl Stone Soup version 0.19.1 (webtiles) character file.

23 empire the Stinger (level 2, 0/11 HPs)
             Began as a Felid Venom Mage on Dec 7, 2016.
             Hit by a stone thrown by a kobold (3 damage)
             ... on level 1 of the Dungeon.
             The game lasted 00:02:26 (741 turns).

empire the Stinger (Felid Venom Mage)                Turns: 741, Time: 00:02:27

Health: 0/11       AC:  1    Str:  4    XL:     2   Next: 72%
Magic:  0/6        EV: 18    Int: 16    God:
Gold:   10         SH:  0    Dex: 16    Spells: 1 memorised, 4 levels left
                                        Lives:  0   Deaths: 0

rFire  . . .     SeeInvis +     (weapon unavailable)
rCold  . . .     Gourm    .     (armour unavailable)
rNeg   . . .     Faith    .     (shield unavailable)
rPois  .         Spirit   .     (helmet unavailable)
rElec  .         Reflect  .     (cloak unavailable)
rCorr  .         Harm     .     (gloves unavailable)
MR     .....                    (boots unavailable)
Stlth  +++.......               (no amulet)
                                (no ring)
                                (no ring)

@: quick
A: no armour, no weapons or thrown items, stealth, claws 1, fangs 3, see
invisible, carnivore 3, speed 1, shaggy fur 1, slow metabolism 1, sharp paws
a: no special abilities


You were on level 1 of the Dungeon.
You were completely stuffed.

You visited 1 branch of the dungeon, and saw 1 of its levels.

You collected 10 gold pieces.

Inventory:

Scrolls
 c - a scroll of enchant weapon {unknown}
Books
 a - a Young Poisoner's Handbook

   Spells                             Type                      Level
   a - Sting                          Conjuration/Poison           1
   b - Mephitic Cloud                 Conjuration/Poison/Air       3
   c - Olgreb's Toxic Radiance        Poison                       4
   d - Alistair's Intoxication        Transmutation/Poison         5
   e - Venom Bolt                     Conjuration/Poison           5
Comestibles
 b - a meat ration


   Skills:
 + Level 3.2 Dodging
 + Level 3.1 Stealth
 + Level 2.3 Spellcasting
 + Level 0.1 Conjurations
 + Level 3.7 Poison Magic


You had 4 spell levels left.
You knew the following spells:

 Your Spells              Type           Power        Failure   Level  Hunger
a - Sting                 Conj/Pois      #...         10%         1    #......


Dungeon Overview and Level Annotations

Branches:
Dungeon (1/15)

Altars:


Innate Abilities, Weirdness & Mutations

You cannot wear armour.
You are incapable of wielding weapons or throwing items.
Your paws allow you to move quietly. (Stealth)
You have sharp claws.
You have razor-sharp teeth.
You have supernaturally acute eyesight. (SInv)
You are carnivorous and can eat meat at any time.
You cover ground quickly.
You are covered in fur. (AC +1)
You have a slow metabolism.
Your sharp claws are effective at attacking unaware monsters.


Message History

Aiming: Sting
Press: ? - help, Shift-Dir - straight line, f - bat
Aim: a bat The sting hits the bat.
The bat is moderately wounded.
The bat barely misses you.
Casting: Sting
Confirm with . or Enter, or press ? or * to list all spells.
You don't have enough magic to cast that spell.
Unknown command.
You scratch the bat.
You kill the bat!
The kobold throws a stone.
The stone hits you but does no damage. The kobold hits you with a whip.
* * * LOW HITPOINT WARNING * * *
You see here a bat corpse.
The kobold throws a stone.
The stone completely misses you.
You see here a stone.
The kobold throws a stone.
The stone hits you.
You die...

### ###
#.#######.#
#..(......#######
#.#######.......#
#.# #..####.#
#.#######..# #.#
...........# #.#
#####
........#.##
#.####....%.
).........#
#.@(†K.w....
..#######..
######...... ..#
#. ..... ..# ....
#.# ... #.# ..
#.# . #.# #.#


You could see a dart slug and a kobold.

Vanquished Creatures
  A leopard gecko (D:1)
  7 bats (D:1)
  A giant cockroach (D:1)
  2 goblins (D:1)
  2 hobgoblins (D:1)
  2 kobolds (D:1)
  4 frilled lizards (D:1)
  3 rats (D:1)
22 creatures vanquished.

Notes
Turn   | Place    | Note
-------+----------+-------------------------------------------
     0 | D:1      | empire the Felid Venom Mage began the quest for the Orb.
     0 | D:1      | Reached XP level 1. HP: 7/7 MP: 4/4
   150 | D:1      | Reached XP level 2. HP: 11/11 MP: 4/6
   741 | D:1      | Hit by a stone thrown by a kobold

Skill      XL: |  1  2 |
---------------+-------+-----
Dodging        | 3 |  3.2
Stealth        | 3 |  3.1
Spellcasting   | |  2.3
Conjurations   | |  0.1
Poison Magic   | |  3.7

Action                   || total
-------------------------++-------
Melee: Unarmed           ||    41
       Bite              ||     3
 Cast: Sting             ||    30
 Stab: Sleeping          ||     2
  Eat: Chunk             ||     7
Armor: Skin              ||     2
Dodge: Dodged            ||    52
